 Dungeon Crawl Stone Soup version 0.29-a0-284-gf9362112df (webtiles) character file.

Game seed: 1746019449006722214

4309 bande the Cleaver (level 10, -2/61 HPs)
             Began as a Gargoyle Fighter on Mar 25, 2022.
             Slain by a kobold brigand
             ... wielding a +0 short sword
              (7 damage)
             ... on level 8 of the Dungeon.
             The game lasted 00:15:17 (6558 turns).

bande the Cleaver (Gargoyle Fighter)                Turns: 6558, Time: 00:15:19

Health: -2/61      AC: 27    Str: 21    XL:     10   Next: 32%
Magic:  10/10      EV:  6    Int:  8    God:
Gold:   313        SH:  6    Dex: 19    Spells: 9/9 levels left

rFire   . . .      SeeInvis .   a - +1 war axe
rCold   . . .      Faith    .   c - +0 buckler
rNeg    + . .      Spirit   .   l - +0 plate armour
rPois   ∞          Reflect  .   (no helmet)
rElec   +          Harm     .   B - +0 cloak
rCorr   .          Rampage  .   o - +0 pair of gloves
Will    .....                   (no boots)
Stlth   ..........              e - amulet of regeneration
HPRegen 1.00/turn               f - +4 ring of protection
MPRegen 0.12/turn               y - +6 ring of dexterity

@: attractive
A: sickness immunity, AC +7, negative energy resistance 1, electricity
resistance, torment resistance 1, petrification resistance
a: no special abilities


You were on level 8 of the Dungeon.
You visited 2 branches of the dungeon, and saw 9 of its levels.

You collected 313 gold pieces.

Inventory:

Hand Weapons
 a - a +1 war axe (weapon)
 i - a +0 flail of draining
 u - a +2 war axe
Armour
 c - a +0 buckler (worn)
 l - a +0 plate armour (worn)
 o - a +0 pair of gloves (worn)
 B - a +0 cloak (worn)
Jewellery
 e - an amulet of regeneration (around neck)
 f - a +4 ring of protection (left hand)
 h - an amulet of magic regeneration
 j - a ring of see invisible
 y - a +6 ring of dexterity (right hand)
Wands
 m - a wand of flame (14)
 n - a wand of iceblast (7)
Scrolls
 b - a scroll of identify
 p - a scroll of enchant weapon
 r - a scroll of teleportation
 t - 3 scrolls of fog
Potions
 d - 3 potions of might
 g - 4 potions of curing
 k - a potion of brilliance
 q - a potion of flight
 s - a potion of invisibility
 v - a potion of haste
 z - a potion of magic {unknown}
 A - a potion of degeneration {unknown}


   Skills:
 + Level 6.6 Fighting
 + Level 9.6 Axes
 + Level 7.6 Armour
 - Level 0.3 Stealth
 + Level 5.6 Shields
 * Level 4.6 Evocations


You had 9 spell levels left.
You didn't know any spells.
Your spell library contained the following spells:

 Spells                   Type           Power      Damage    Failure   Level
 Magic Dart               Conj           0%         1d3       100%        1
 Call Imp                 Summ           0%         N/A       100%        2
 Call Canine Familiar     Summ           0%         N/A       100%        3
 Mephitic Cloud           Conj/Pois/Air  0%         N/A       100%        3
 Portal Projectile        Hex/Tloc       0%         N/A       100%        3
 Leda's Liquefaction      Hex/Erth       0%         N/A       100%        4


Dungeon Overview and Level Annotations

Branches:
Dungeon (8/15)             Temple (1/1) D:7
   Lair: D:8-11

Altars:
Ashenzari
Cheibriados
Dithmenos
Elyvilon
Fedhas
Gozag
Hepliaklqana
Makhleb
Nemelex Xobeh
Sif Muna
Trog
Vehumet
Wu Jian
Xom
The Shining One

Shops:
D:1 (   D:2 *

Annotations:
D:6 2 transporters, sammy202020's ghost, novice PaBe


Innate Abilities, Weirdness & Mutations

You are immune to sickness and miasma.
Your stone body is resilient. (AC +7)
You are immune to poison.
You resist negative energy. (rN+)
You are resistant to electric shocks. (rElec)
You are resistant to unholy torment.
You are immune to petrification.


Message History

The kobold brigand unwields a +0 hand crossbow.
The kobold brigand wields a +0 short sword.
The kobold brigand hits you but does no damage.
You block the kobold brigand's attack.
The kobold demonologist closely misses you.
You slash the smoke demon!
The smoke demon is heavily wounded.
You slash the kobold brigand!
You hit the kobold brigand but do no damage.
You barely miss the kobold demonologist.
You block the smoke demon's attack.
The smoke demon hits you but does no damage.
The smoke demon barely misses you. You block the kobold brigand's attack.
The kobold brigand closely misses you.
The kobold demonologist mumbles some strange words.
You hit the smoke demon.
The smoke demon is heavily wounded.
You hit the kobold brigand but do no damage.
You barely miss the kobold brigand. You hit the kobold demonologist.
The smoke demon gestures at you. Something smites you!
* * * LOW HITPOINT WARNING * * *
The kobold brigand hits you with a +0 short sword.
* * * LOW HITPOINT WARNING * * *
The kobold demonologist mumbles some strange words.
The kobold brigand hits you but does no damage.
You feel better.
The smoke demon hits you but does no damage. x2
The smoke demon barely misses you.
The kobold brigand hits you with a +0 short sword.
* * * LOW HITPOINT WARNING * * *
The kobold demonologist hits you but does no damage.
The kobold brigand hits you but does no damage.
It was a potion of attraction.
You feel attractive to monsters.
The smoke demon hits you but does no damage.
You block the smoke demon's attack.
The smoke demon hits you but does no damage.
The kobold brigand hits you with a +0 short sword!
You die...

#..K..KK.# ### .#
#.#...4.# #=. .# =
#554##### ##. ..##..
###.# #..##...... #5#
#.#....##.# #.#
#.........# #K#
###.....###.. #.##
#######).......... #..#
#.....3@K...######
##.###.....KK.....#
#..##......3......#
##.##....<.4........
####.............!..#..
#.....................#
#..(..............[.##
#.......[...........#
#...................#


You could see a sun demon (summoned), an ice devil (summoned), a kobold
demonologist, a smoke demon (summoned) and 2 kobold brigands.

Vanquished Creatures
  A two-headed ogre (D:8)
  Joseph (D:7)
  A kobold demonologist (D:7)
  Sigmund (D:2)
  A steam dragon (D:7)
  2 water moccasins
  3 sky beasts
  A black bear (D:5)
  4 ogres
  3 centaurs
  3 phantoms
  A kobold brigand (D:7)
  A necrophage (D:7)
  2 bullfrogs (D:7)
  A scorpion (D:7)
  10 wights
  3 jellies (D:6)
  2 orc priests
  Crazy Yiuf (D:6)
  A hound (D:5)
  3 iguanas
  Ijyb (D:4)
  4 orc wizards
  4 gnolls (D:6)
  9 adders
  3 river rats (D:6)
  A shadow imp (D:5)
  2 white imps (D:6)
  A worm (D:2)
  6 dart slugs
  20 orcs
  8 ball pythons
  5 bats
  5 endoplasms
  2 giant cockroaches
  7 goblins
  3 hobgoblins
  6 jackals
  6 kobolds
  2 quokkas
  4 frilled lizards
  3 rats
148 creatures vanquished.

Vanquished Creatures (others)
  10 fungi (D:2)
  34 plants
44 creatures vanquished.

Grand Total: 192 creatures vanquished

Notes
Turn   | Place    | Note
-------+----------+-------------------------------------------
     0 | D:1      | bande the Gargoyle Fighter began the quest for the Orb.
     0 | D:1      | Reached XP level 1. HP: 14/14 MP: 1/1
   150 | D:1      | Reached XP level 2. HP: 17/19 MP: 2/2
   419 | D:1      | Reached skill level 2 in Axes
   494 | D:1      | Reached XP level 3. HP: 23/23 MP: 3/3
   498 | D:1      | Found Ciq Pule's Weapon Shop.
   828 | D:2      | Noticed Sigmund
   841 | D:2      | Killed Sigmund
   842 | D:2      | Reached skill level 4 in Axes
   842 | D:2      | Reached XP level 4. HP: 24/29 MP: 4/4
   842 | D:2      | Reached XP level 5. HP: 28/33 MP: 5/5
  1079 | D:2      | Reached XP level 6. HP: 38/38 MP: 6/6
  1283 | D:2      | Found Fuprat's Assorted Antiques.
  1383 | D:2      | Found a faded altar of an unknown god.
  2061 | D:3      | Found a glowing golden altar of the Shining One.
  2282 | D:4      | Reached skill level 5 in Axes
  2282 | D:4      | Reached skill level 5 in Armour
  2282 | D:4      | Reached XP level 7. HP: 33/43 MP: 7/7
  2474 | D:4      | Found a shimmering blue altar of Sif Muna.
  2521 | D:4      | Noticed Ijyb
  2526 | D:4      | Killed Ijyb
  2825 | D:4      | Reached skill level 6 in Axes
  3251 | D:5      | Entered Level 5 of the Dungeon
  3356 | D:5      | Reached XP level 8. HP: 48/48 MP: 8/8
  3459 | D:5      | Reached skill level 1 in Evocations
  3549 | D:5      | Reached skill level 7 in Axes
  3878 | D:5      | Reached skill level 5 in Fighting
  4091 | D:6      | Found an opulent altar of Gozag.
  4318 | D:6      | Reached XP level 9. HP: 54/54 MP: 9/9
  4439 | D:6      | Found a runed translucent door.
  4440 | D:6      | Noticed Crazy Yiuf
  4564 | D:6      | Noticed a queen bee
  4580 | D:6      | Found a transporter.
  4585 | D:6      | Found a transporter.
  4589 | D:6      | Noticed sammy202020's ghost (novice PaBe)
  4971 | D:6      | Killed Crazy Yiuf
  5151 | D:7      | Reached skill level 8 in Axes
  5153 | D:7      | Reached skill level 5 in Shields
  5236 | D:7      | Found a staircase to the Ecumenical Temple.
  5254 | Temple   | Entered the Ecumenical Temple
  5633 | D:7      | Found a snail-covered altar of Cheibriados.
  5802 | D:7      | Noticed Joseph
  5827 | D:7      | Killed Joseph
  5838 | D:7      | Reached skill level 9 in Axes
  5838 | D:7      | Reached XP level 10. HP: 38/60 MP: 10/10
  6136 | D:7      | Found a bloodstained altar of Trog.
  6483 | D:8      | Noticed a kobold demonologist
  6483 | D:8      | Noticed a kobold demonologist
  6485 | D:8      | Noticed a two-headed ogre
  6489 | D:8      | Noticed an orange demon
  6521 | D:7      | Killed a kobold demonologist
  6542 | D:8      | Noticed a smoke demon
  6552 | D:8      | Killed a two-headed ogre
  6556 | D:8      | HP: 2/61 [kobold brigand/+0 short sword (6)]
  6557 | D:8      | Noticed a sun demon
  6558 | D:8      | Slain by a kobold brigand

Illustrated notes

Levels and vault maps discovered:
D:1:      dpeg_arrival_simpleton_a, layout_loops_ring, serial_shops, shop,
          minivault_5, minmay_distorted
D:2:      layout_basic, serial_shops, shop,
          shapermc_ecumenical_altar_hornbeckon, uniq_sigmund
D:3:      layout_basic, nicolae_tso_carved_into_rock
D:4:      layout_loops_corners, kennysheep_mini, nrook_loot_triangle,
          grunt_decor_junction, uniq_ijyb
D:5:      layout_basic
D:6:      wad_woods_settlement, layout_cave_pools, nicolae_gozag_seed_capital,
          serial_column_ruins, column_ruins_hut_ruined, column_ruins_open_small,
          column_ruins_grid_2, column_ruins_grid_1, column_ruins_grid_1,
          column_ruins_grid_1, gammafunk_ghost_hive, uniq_crazy_yiuf_cottage
D:7:      statuecave_lemuel, layout_basic, kennysheep_slug_shrine,
          kennysheep_little_box, minmay_temple_entry_stoned_glass, hex_large,
          kennysheep_cluttered_room, uniq_joseph
D:8:      layout_rooms, mainiacjoe_overflow_brackets,
          nicolae_overflow_hallway_of_the_gods
Temple:   eino_wide_crystal_templ

Skill      XL: |  1  2  3  4  5  6  7  8  9 |
---------------+----------------------------+-----
Axes           | 2 4 5 6 7 9 |  9.6
Armour         | 4 5 6 7 |  7.6
Fighting       | 4 5 6 |  6.6
Shields        | 4 5 |  5.6
Evocations     | 2 4 |  4.6
Stealth        | |  0.3

Action                   |  1- 3 |  4- 6 |  7- 9 | 10-12 || total
-------------------------+-------+-------+-------+-------++-------
Melee: War axe           |    64 |   106 |   282 |    49 ||   501
  Use: Scroll            |     4 |       |    12 |       ||    16
       Potion            |     1 |       |       |     2 ||     3
Armor: Scale mail        |    47 |    57 |   153 |       ||   257
       Plate armour      |       |       |    52 |    75 ||   127
Dodge: Dodged            |    35 |    48 |   136 |    22 ||   241
Block: Buckler           |    11 |    20 |    89 |    20 ||   140

Table legend: (Time is in decaauts)
 A = Elapsed time spent in this place.
 B = Non-inter-level travel time spent in this place.
 C = Inter-level travel time spent in this place.
 D = Time resting spent in this place.
 E = Time spent auto-exploring this place.
 F = Levels seen in this place.
 G = Mean time per level.
                   A        B        C        D        E       F      G
               +--------+--------+--------+--------+--------+-----+--------+
         Total |   6690 |   6579 |    111 |    610 |   4403 |   9 |  743.3 |
       Dungeon |   6618 |   6528 |     90 |    610 |   4359 |   8 |  827.2 |
        Temple |     72 |     51 |     21 |      0 |     44 |   1 |   72.0 |
               +--------+--------+--------+--------+--------+-----+--------+

Top non-repeatable levels by time:
     D:6: 1249 daAuts
     D:7: 1101 daAuts
     D:4: 1044 daAuts
     D:5: 844 daAuts
     D:1: 792 daAuts
     D:2: 759 daAuts
     D:3: 732 daAuts
     D:8: 93 daAuts
  Temple: 72 daAuts
